← All builds
Pond / Armada / Economy first / OBSERVED BUILD

Standard pond

Armada Pond build order · Supreme Isthmus

Economy-first Pond play: boost front via wind or tidal, Bot Lab around 5:36 then Advanced Metal Extractor, sending T1 units like Tick, Pawn and Blitz forward to help hold the middle until T2 arrives.

#eco #team support · 523 distinct matches · 111 players · 60% of Armada Pond games · team won 49% of 591 · Recently observed

HOW TO PLAY IT

Key timing: Bot Lab by 5:42

  1. Open tidal, then wind to start boosting front's economy.
  2. Take mex and keep boosting wind or tidal depending on front's needs.
  3. Get a Bot Lab up, start sending Tick and Pawn to front.
  4. Add Advanced Metal Extractor to scale up team's economy.
  5. Switch to tick spam if enemy reaches T2 front before you do.

Phase by phase

TYPICAL OF ITS 523 GAMES
  1. 1
  2. 2
PLAY THE OPENING

Follow the example game's first 6:00 step by step: what to build now, what comes next, and where it goes. At 1× it keeps pace with your own game.

  1. 1

    Up to the Bot Lab

    Economy
    • Metal Extractor4Mex
    • Wind Turbine10Wind
    • Tidal Generator8Tidalfor allies
    • Tidal Generator1Tidal
    • Energy Storage1Energy storage
    Order
    1. Bot LabBot Lab after 4 mex, 10 wind, 1 energy storagedone ~5:36, middle half 3:33–7:02

    Some games also: converter (45%)

    By 5:07 in all: 4 mex · 10 wind · 1 tidal · 1 energy storage

    The example game in this phase · 11 steps
    1. Tidal ×8for Suicide front
    2. Tidal
    3. Mex ×4
    4. Wind ×4
    5. Aircraft PlantAircraft Plantdone 3:14
    6. BlinkScout plane
    7. FalconFighter ×3
    8. BansheeBanshee
    9. Bot LabBot Labfor Suicide frontdone 4:50 · typical 5:36
    10. Radar TowerRadar Tower
    11. Construction AircraftCon aircraft
  2. 2

    Bot Lab to 10:00

    Economy
    • Wind Turbine16Wind
    Builders
    • Construction Turret1 Con turret
    • Construction Bot2 Con bot
    Army
    • Tick1 Tick

    Some games also: Lazarus (47%) · converter (45%)

    By 10:00 in all: 4 mex · 31 wind · 1 tidal · 5 converter · 1 energy storage · 2 con turret

    The example game in this phase · 27 steps
    1. SentrySentry
    2. Mexfor Suicide front
    3. Wind ×2
    4. BansheeBanshee
    5. Wind
    6. SentrySentry ×2
    7. FalconFighter
    8. Wind
    9. Bot LabBot Labfor Suicide frontdone 8:05
    10. Construction AircraftCon aircraft
    11. Wind ×2
    12. Advanced Metal ExtractorT2 mexdone 9:21 · typical 9:54
    13. Wind ×2
    14. SentrySentry
    15. BansheeBanshee
    16. Wind
    17. SentrySentry
    18. BansheeBanshee
    19. NettleNettle
    20. Wind
    21. BansheeBanshee
    22. Advanced Metal ExtractorT2 mex
    23. SentrySentry
    24. Wind
    25. SentrySentry
    26. Con turret
    27. BansheeBanshee

Counts are medians over the build's games: half of them build more, half fewer. The example game is MischievousDragonGF's (42 OS, 04/10/2026); pick another.

Team trades

IN AT LEAST 30% OF ITS GAMES

You hand over

  • Tidal Generator8 Tidal to Suicide front or Frontfirst at 0:10 · in 90% of games

You get

  • Hephaestus1 Heavy transport from Air or Techfirst at 4:43 · in 39% of games
  • Fatboy1 Fatboy from Techfirst at 5:04 · in 40% of games
  • Sharpshooter2 Sniper bot from Techfirst at 5:16 · in 41% of games
  • Advanced Construction Bot1 T2 con bot from Techfirst at 8:18 · in 92% of games

How it plays out

Typical game of this build, running totals by minute

Metal produced

010k20k
0:005:0010:0015:00

metal

Enemy metal destroyed

02k4k6k
0:005:0010:0015:00

metal

Own metal lost

02k4k
0:005:0010:0015:00

metal

591 games.

Show as table
ByMetal produced: This buildEnemy metal destroyed: This buildOwn metal lost: This build
1:0011500
2:0027400
3:0082100
4:00150900
5:00223100
6:00298500
7:0038484520
8:0047571229138
9:0057101965367
10:0069002754711
11:00841232661155
12:001037935771589
13:001269541711954
14:001500047112460
15:001768152793046
WHAT THE NUMBERS SAY

This is the role's standard support job, winning slightly under half its games while contributing modest kills for modest losses.

  • + Keeps own losses fairly low relative to kills (2827 destroyed vs 756 lost by 10:00).
  • + Reaches T2 constructor reliably (89% of games) by 8:10.
  • − Metal production trails other roles at 6855 by 10:00.
  • − No kills registered by 5:00, slow to impact the fight.
THE EXAMPLE YOU ARE READING

MischievousDragonGF

42.1 OS · 04/10/2026

Open source match ↗

2 received units
169 metal received · 5165 energy received

Allied construction assistance is unknown. Timings are observations, not a promise of solo reproducibility.

Typical milestones

Bot Lab5:36Middle 50%: 3:33–7:02 · n=531
Advanced Metal Extractor9:54Middle 50%: 9:00–10:41 · n=536

Played most by

Viltrum45games of this buildTeaner40games of this buildUsurpeR28games of this buildzeus_on_god27games of this buildKOT_21games of this build